 Dungeon Crawl Stone Soup version 0.30-a0-972-gf3ab3527aa (webtiles) character file.

Game seed: 12270979333668795138

259 Veggiepits the Chopper (level 5, -2/47 HPs)
             Began as a Minotaur Fighter on Apr 1, 2023.
             Was a Believer of Qazlal.
             Killed by nerve-wracking pain
             ... invoked by an orc priest
              (13 damage)
             ... on level 3 of the Dungeon.
             The game lasted 00:15:41 (2255 turns).

Veggiepits the Chopper (Minotaur Fighter)           Turns: 2255, Time: 00:15:42

Health: -2/47      AC:  8    Str: 22    XL:     5   Next: 95%
Magic:  4/4        EV:  9    Int:  5    God:    Qazlal [**....]
Gold:   196        SH:  7    Dex: 10    Spells: 4/4 levels left

rFire   . . .      SeeInvis .    w - +0 hammer (holy)
rCold   . . .      Faith    .    c - +0 buckler
rNeg    . . .      Spirit   .    b - +0 scale mail
rPois   .          Reflect  .    (helmet restricted)
rElec   .          Rampage  .    z - +0 cloak {Will+}
rCorr   .                        (no gloves)
Will    +....                    (no boots) Stlth
                                 (no amulet)
HPRegen 0.27/turn                (no ring)
MPRegen 0.09/turn                (no ring)

@: mighty
A: horns 2, retaliatory headbutt
a: Renounce Religion, Upheaval


You were on level 3 of the Dungeon.
You worshipped Qazlal.
Qazlal was pleased with you.
You visited 1 branch of the dungeon, and saw 3 of its levels.

You collected 244 gold pieces.
You spent 48 gold pieces at shops.

Inventory:

Hand Weapons
 a - a +0 war axe
 h - a +0 long sword
 u - a +0 dagger
 w - a +0 hammer of holy wrath (weapon)
 y - a +2 quarterstaff of chaos
Missiles
 g - 55 stones (quivered)
 v - 3 silver javelins
Armour
 b - a +0 scale mail (worn)
 c - a +0 buckler (worn)
 k - a +0 scale mail
 z - a +0 cloak of willpower (worn)
Wands
 x - a wand of polymorph (9)
Scrolls
 e - a scroll of identify
 f - a scroll of teleportation {unknown}
 j - a scroll of enchant armour {unknown}
 m - a scroll of fear {unknown}
 o - a scroll of poison {unknown}
 p - a scroll of blinking {unknown}
 s - a scroll of brand weapon {unknown}
 A - a scroll of fog {unknown}
 B - 3 scrolls of vulnerability
Potions
 l - a potion of degeneration
 n - a potion of invisibility {unknown}
 q - a potion of heal wounds {unknown}
 r - a potion of mutation {unknown}
 t - a potion of ambrosia {unknown}


   Skills:
 + Level 4.8 Fighting
 - Level 4.8(5.1) Axes
 * Level 2.2(3.8) Maces & Flails
 + Level 4.6 Armour
 + Level 0.9 Dodging
 + Level 0.1 Stealth
 + Level 4.3 Shields


You had 4 spell levels left.
You didn't know any spells.
Your spell library was empty.

Dungeon Overview and Level Annotations

Branches:
Dungeon (3/15)

Altars:
Qazlal

Shops:
D:2 ?


Innate Abilities, Weirdness & Mutations

You have a pair of horns on your head.
You reflexively headbutt those who attack you in melee.


Message History

You hit the gnoll.
The gnoll is almost dead.
The gnoll hits you with a +0 spear.
* * * LOW HITPOINT WARNING * * *
The gnoll barely misses you. The gnoll closely misses you.
You block the gnoll's attack.
You feel better. The gnoll barely misses you. You block the gnoll's attack.
You feel very mighty all of a sudden. You block the gnoll's attack. x2
You thump the gnoll!
You kill the gnoll!
Qazlal accepts your kill. The gnoll hits you but does no damage.
Your base Maces & Flails skill increases to level 2!
You block the gnoll's attack. The gnoll hits you with a +0 spear.
* * * LOW HITPOINT WARNING * * *
You see here a +0 spear.
You barely miss the gnoll. You headbutt the gnoll!
You kill the gnoll!
Qazlal accepts your kill.
The gnoll hits you from afar with a +0 spear.
* * * LOW HITPOINT WARNING * * *
You barely miss the orc. You block the gnoll's attack.
The orc hits you but does no damage. The orc hits you with a +0 hand axe.
* * * LOW HITPOINT WARNING * * *
The gnoll closely misses you.
You closely miss the orc. You headbutt the orc!
You kill the orc!
Qazlal accepts your kill. You block the gnoll's attack.
You sock the orc!
You kill the orc!
Qazlal accepts your kill. The gnoll barely misses you.
You closely miss the orc priest. You headbutt the orc priest.
The orc priest is moderately wounded.
The gnoll completely misses you.
The orc priest invokes the aid of Beogh against you.
Pain shoots through your body!
You die...

#.......####.....##
.# #.......#
#####..#######>#####.
#.......#
##.....##........
#.......#
#......#........
#.......#
#....#.#........
#.......#
##...)#.#........
#.......#
#go)†oo..........
###o####.....##....
#..@####.....# #
#.#°.....#......
#.......###..........
..####.##
#..........$ #.
#..........# #.
#......)...# #. ## #.
#.


You could see an orc priest, a gnoll and an orc.

Vanquished Creatures
  An orc priest (D:3)
  Crazy Yiuf (D:2)
  Terence (D:2)
  An orc wizard (D:3)
  Robin (D:2)
  3 gnolls (D:3)
  2 adders
  A worm (D:2)
  4 dart slugs
  4 orcs (D:3)
  8 ball pythons
  3 bats (D:1)
  6 endoplasms
  2 giant cockroaches
  14 goblins
  11 hobgoblins
  A quokka (D:3)
  2 frilled lizards
  7 kobolds
  5 rats
78 creatures vanquished.

Notes
Turn   | Place    | Note
-------+----------+-------------------------------------------
     0 | D:1      | Veggiepits the Minotaur Fighter began the quest for the
                  | Orb.
     0 | D:1      | Reached XP level 1. HP: 19/19 MP: 0/0
   282 | D:1      | Reached XP level 2. HP: 27/27 MP: 1/1
   571 | D:1      | Reached XP level 3. HP: 33/33 MP: 2/2
  1135 | D:2      | Noticed Robin
  1321 | D:2      | Found a faded altar of an unknown god.
  1439 | D:2      | Prayed at the altar of an unknown god.
  1439 | D:2      | Became a worshipper of Qazlal Stormbringer
  1439 | D:2      | Reached * piety under Qazlal
  1453 | D:2      | Noticed Terence
  1465 | D:2      | Killed Terence
  1466 | D:2      | Reached XP level 4. HP: 19/41 MP: 3/3
  1616 | D:2      | Killed Robin
  1663 | D:2      | Found Romeefen's Magic Scroll Shop.
  1680 | D:2      | Bought a scroll of identify for 24 gold pieces
  1680 | D:2      | Bought a scroll of identify for 24 gold pieces
  1838 | D:2      | Found a runed translucent door.
  1839 | D:2      | Noticed Crazy Yiuf
  1844 | D:2      | Killed Crazy Yiuf
  1845 | D:2      | Reached XP level 5. HP: 47/47 MP: 4/4
  1982 | D:3      | Reached skill level 1 in Maces & Flails
  2205 | D:3      | Reached ** piety under Qazlal
  2255 | D:3      | Killed from afar by an orc priest

Illustrated notes

Levels and vault maps discovered:
D:1:      matt_arrival_refuge, layout_rooms, minmay_tromino_mix6
D:2:      layout_basic, hellmonk_ecumenical_altar_run_dry, serial_shops,
          shop_coins, uniq_terence, uniq_crazy_yiuf_cottage, uniq_robin
D:3:      layout_rooms, lemuel_zombie_altar_kikubaaqudgha,
          nicolae_uskayaw_dance_hall

Skill      XL: |  1  2  3  4  5 |
---------------+----------------+-----
Fighting       | 4 |  4.8
Armour         | 4 |  4.6
Shields        | 4 |  4.3
Axes           | 3 4 |  4.8
Maces & Flails | 2 |  2.2
Dodging        | |  0.9
Stealth        | |  0.1

Action                     |  1- 3 |  4- 6 || total
---------------------------+-------+-------++-------
  Melee: War axe           |    98 |    22 ||   120
         Headbutt          |     8 |    13 ||    21
         Mace              |       |    56 ||    56
    Use: Scroll            |       |     3 ||     3
         Potion            |       |     4 ||     4
 Armour: Scale mail        |    47 |    52 ||    99
  Dodge: Dodged            |    55 |    38 ||    93
  Block: Buckler           |    13 |    34 ||    47

Table legend: (Time is in decaauts)
 A = Elapsed time spent in this place.
 B = Non-inter-level travel time spent in this place.
 C = Inter-level travel time spent in this place.
 D = Time resting spent in this place.
 E = Time spent auto-exploring this place.
 F = Levels seen in this place.
 G = Mean time per level.
                   A        B        C        D        E       F      G
               +--------+--------+--------+--------+--------+-----+--------+
         Total |   2316 |   2316 |      0 |    913 |    486 |   3 |  772.0 |
       Dungeon |   2316 |   2316 |      0 |    913 |    486 |   3 |  772.0 |
               +--------+--------+--------+--------+--------+-----+--------+

Top non-repeatable levels by time:
     D:1: 1080 daAuts
     D:2: 902 daAuts
     D:3: 333 daAuts
